| TOP OF THE 1ST |
|
Eugene Emeralds batting - Pitching for Salem-Keizer Volcanoes : LHP Jack Klein
|
|
Pitching: LHP Jack Klein
|
|
|
Batting: RHB Du Kim
|
0-0: Ball 1-0: Called Strike 1-1: Swinging Strike 1-2: Ball 2-2: Foul Ball, location: 2F 2-2: Foul Ball, location: 2F 2-2: Strikes out swinging
|
|
Batting: RHB Eric Wiss
|
0-0: Ball 1-0: Ball 2-0: Ball 3-0: Base on Balls
|
|
Batting: RHB Taylor Garofalo
|
0-0: Called Strike Eric Wiss steals 2nd base 0-1: Foul Ball, location: 2F 0-2: Ball 1-2: Hit by Pitch
|
|
Batting: RHB Ryan Bush
|
0-0: Ball 1-0: Called Strike 1-1: SINGLE (Line Drive, 9LS, EV 95.6 MPH) Eric Wiss to third Taylor Garofalo to second Runner from 3rd tries for Home, SAFE, throw by RF to home
|
|
Batting: RHB Bill Holmes
|
0-0: Swinging Strike 0-1: SINGLE (Groundball, 34D, EV 106.9 MPH) Taylor Garofalo to third Ryan Bush to second
|
|
Batting: RHB Tim Long
|
0-0: Foul Ball, location: 2F 0-1: Called Strike 0-2: Foul Ball, location: 2F 0-2: Foul Ball, location: 2F 0-2: Ball 1-2: Foul Ball, location: 2F 1-2: Ball Passed Ball! Taylor Garofalo scores Ryan Bush to third Bill Holmes to second 2-2: Ball 3-2: Foul Ball, location: 2F 3-2: Strikes out swinging, 2-3 out at first.
|
|
Batting: RHB Jerry Blas
|
0-0: Foul Ball, location: 2F 0-1: Called Strike 0-2: Ball 1-2: Foul Ball, location: 2F 1-2: Strikes out swinging, 2-3 out at first.
|
| Top of the 1st over - 2 runs, 2 hits, 0 errors, 2 left on base; Eugene 2 - Salem-Keizer 0 |
| BOTTOM OF THE 1ST |
|
Salem-Keizer Volcanoes batting - Pitching for Eugene Emeralds : RHP Alvaro Romero
|
|
Pitching: RHP Alvaro Romero
|
|
|
Batting: RHB Devin Lowery
|
0-0: Foul Ball, location: 2F 0-1: Ball 1-1: Ball 2-1: Ball 3-1: Called Strike 3-2: Base on Balls
|
|
Batting: LHB Pong-keun Koh
|
0-0: Called Strike 0-1: Ball 1-1: Ball 2-1: SINGLE (Groundball, 34D, EV 106.2 MPH) Devin Lowery to second Runner from 2nd tries for 3rd, SAFE, no throw by RF
|
|
Batting: RHB Cesar Martinez
|
0-0: Foul Ball, location: 2F 0-1: Swinging Strike 0-2: SINGLE (Groundball, 6MD, EV 99.4 MPH) Devin Lowery scores Pong-keun Koh to second
|
|
Batting: LHB Gil Caraveo
|
0-0: Foul Ball, location: 2F Balk! Pong-keun Koh to third Cesar Martinez to second 0-1: Swinging Strike 0-2: Foul Ball, location: 2F 0-2: SINGLE (Groundball, 4M, EV 106.9 MPH) (infield hit) Pong-keun Koh scores Cesar Martinez to third
|
|
Batting: LHB Nate Conley
|
0-0: Ball 1-0: Called Strike 1-1: Ball 2-1: Called Strike Gil Caraveo steals 2nd base 2-2: Ball 3-2: Base on Balls
|
|
Pitching: RHP Carlos Zavala
|
|
|
Batting: RHB Justin Layton
|
0-0: Ball 1-0: Ball 2-0: Foul Ball, location: 2F 2-1: Called Strike 2-2: Fielders Choice at 2nd, 6-4 (Groundball, 6, EV 85.6 MPH) Cesar Martinez scores Gil Caraveo to third
|
|
Batting: RHB John Tyra
|
0-0: Ball 1-0: Ball 2-0: Called Strike 2-1: Ball 3-1: Base on Balls Justin Layton to second
|
|
Batting: RHB Willie Sanchez
|
0-0: Ball 1-0: Ball Wild Pitch! Gil Caraveo scores Justin Layton to third John Tyra to second 2-0: Called Strike 2-1: Ball 3-1: Fly out, F3 (Line Drive, 3, EV 61.2 MPH)
|
|
Batting: RHB Ed Broomhead
|
0-0: DOUBLE (Line Drive, 78D, EV 109.4 MPH) Justin Layton scores John Tyra scores
|
|
Batting: RHB Devin Lowery
|
0-0: Ball 1-0: Ball 2-0: Called Strike 2-1: Swinging Strike 2-2: Foul Ball, location: 2F 2-2: Foul Ball, location: 2F 2-2: Ball 3-2: Strikes out swinging
|
| Bottom of the 1st over - 6 runs, 4 hits, 0 errors, 1 left on base; Eugene 2 - Salem-Keizer 6 |
| TOP OF THE 2ND |
|
Eugene Emeralds batting - Pitching for Salem-Keizer Volcanoes : LHP Jack Klein
|
|
Batting: RHB Josh Asch
|
0-0: Ball 1-0: Foul Ball, location: 2F 1-1: Ball 2-1: Foul Ball, location: 2F 2-2: Strikes out swinging
|
|
Batting: RHB Jonathan Ridgely
|
0-0: Called Strike 0-1: Foul Ball, location: 2F 0-2: Strikes out looking
|
|
Batting: RHB Du Kim
|
0-0: Ball 1-0: Foul Ball, location: 2F 1-1: Called Strike 1-2: Foul Ball, location: 2F 1-2: Foul Ball, location: 2F 1-2: Foul Ball, location: 2F 1-2: Ball 2-2: Ball 3-2: Reached on error, E6 (Groundball, 6M, EV 91.2 MPH)
|
|
Batting: RHB Eric Wiss
|
0-0: Called Strike Du Kim steals 2nd base (no throw) 0-1: Called Strike 0-2: Foul Ball, location: 2F 0-2: Foul Ball, location: 2F 0-2: Strikes out swinging
|
| Top of the 2nd over - 0 runs, 0 hits, 1 error, 1 left on base; Eugene 2 - Salem-Keizer 6 |
| BOTTOM OF THE 2ND |
|
Salem-Keizer Volcanoes batting - Pitching for Eugene Emeralds : RHP Carlos Zavala
|
|
Batting: LHB Pong-keun Koh
|
0-0: Foul Ball, location: 2F 0-1: Swinging Strike 0-2: Ball 1-2: Strikes out swinging
|
|
Batting: RHB Cesar Martinez
|
0-0: Ball 1-0: Ball 2-0: Ball 3-0: Base on Balls
|
|
Batting: LHB Gil Caraveo
|
0-0: Ball Cesar Martinez steals 2nd base 1-0: Reached on error, E4 (Groundball, 4, EV 84.4 MPH) Cesar Martinez to third
|
|
Batting: LHB Nate Conley
|
0-0: Ball 1-0: Ball 2-0: Ball 3-0: Called Strike 3-1: Base on Balls Gil Caraveo to second
|
|
Batting: RHB Justin Layton
|
0-0: Ball 1-0: Ball 2-0: Called Strike 2-1: Ball 3-1: DOUBLE (Line Drive, 9LS, EV 105.6 MPH) Cesar Martinez scores Gil Caraveo scores Nate Conley to third
|
|
Batting: RHB John Tyra
|
0-0: Ball 1-0: Called Strike 1-1: Ball 2-1: Ball 3-1: Base on Balls
|
|
Batting: RHB Willie Sanchez
|
0-0: Swinging Strike 0-1: Swinging Strike 0-2: Strikes out swinging
|
|
Batting: RHB Ed Broomhead
|
0-0: Called Strike 0-1: Ball 1-1: Ball 2-1: Ball 3-1: Called Strike 3-2: Base on Balls Nate Conley scores Justin Layton to third John Tyra to second
|
|
Batting: RHB Devin Lowery
|
0-0: Ball 1-0: Ground out 3-1 (Groundball, 34S, EV 92.5 MPH)
|
| Bottom of the 2nd over - 3 runs, 1 hit, 1 error, 3 left on base; Eugene 2 - Salem-Keizer 9 |
| TOP OF THE 3RD |
|
Eugene Emeralds batting - Pitching for Salem-Keizer Volcanoes : LHP Jack Klein
|
|
Batting: RHB Taylor Garofalo
|
0-0: Called Strike 0-1: Called Strike 0-2: Foul Ball, location: 2F 0-2: Foul Ball, location: 2F 0-2: Ball 1-2: Ball 2-2: Fly out, F9 (Line Drive, 9LM, EV 97.5 MPH)
|
|
Batting: RHB Ryan Bush
|
0-0: Called Strike 0-1: Foul Ball, location: 2F 0-2: Foul Ball, location: 2F 0-2: Strikes out swinging
|
|
Batting: RHB Bill Holmes
|
0-0: Called Strike 0-1: Swinging Strike 0-2: Strikes out looking
|
| Top of the 3rd over - 0 runs, 0 hits, 0 errors, 0 left on base; Eugene 2 - Salem-Keizer 9 |
| BOTTOM OF THE 3RD |
|
Salem-Keizer Volcanoes batting - Pitching for Eugene Emeralds : RHP Carlos Zavala
|
|
Batting: LHB Pong-keun Koh
|
0-0: DOUBLE (Line Drive, 89M, EV 94.4 MPH)
|
|
Batting: RHB Cesar Martinez
|
0-0: Ball 1-0: Called Strike 1-1: Called Strike 1-2: Foul Ball, location: 2F 1-2: Fly out, F4 (Popup, 4S, EV 71.2 MPH)
|
|
Batting: LHB Gil Caraveo
|
0-0: Ball Wild Pitch! Pong-keun Koh to third 1-0: Ball 2-0: Ball 3-0: Called Strike 3-1: Ground out U3 (Groundball, 3, EV 91.9 MPH)
|
|
Batting: LHB Nate Conley
|
0-0: Ball Passed Ball! Pong-keun Koh scores 1-0: Ball 2-0: Called Strike 2-1: Ball 3-1: Base on Balls
|
|
Batting: RHB Justin Layton
|
0-0: Called Strike 0-1: SINGLE (Line Drive, 34D, EV 107.5 MPH) Nate Conley to second
|
|
Batting: RHB John Tyra
|
0-0: SINGLE (Groundball, 6MD, EV 107.5 MPH) Nate Conley to third Justin Layton to second Runner from 3rd tries for Home, SAFE, throw by CF to home
|
|
Batting: RHB Willie Sanchez
|
0-0: SINGLE (Groundball, 6MD, EV 96.2 MPH) Justin Layton to third John Tyra to second Runner from 3rd tries for Home, throw by CF and OUT! 8-2
|
| Bottom of the 3rd over - 2 runs, 4 hits, 0 errors, 2 left on base; Eugene 2 - Salem-Keizer 11 |
| TOP OF THE 4TH |
|
Eugene Emeralds batting - Pitching for Salem-Keizer Volcanoes : LHP Jack Klein
|
|
Batting: RHB Tim Long
|
0-0: Ball 1-0: Swinging Strike 1-1: Swinging Strike 1-2: Fly out, F4 (Popup, 34, EV 63.1 MPH)
|
|
Batting: RHB Jerry Blas
|
0-0: Ball 1-0: Swinging Strike 1-1: Foul Ball, location: 2F 1-2: Strikes out swinging
|
|
Batting: RHB Josh Asch
|
0-0: Ball 1-0: Ball 2-0: Foul Ball, location: 2F 2-1: Swinging Strike 2-2: Strikes out swinging
|
| Top of the 4th over - 0 runs, 0 hits, 0 errors, 0 left on base; Eugene 2 - Salem-Keizer 11 |
| BOTTOM OF THE 4TH |
|
Salem-Keizer Volcanoes batting - Pitching for Eugene Emeralds : RHP Carlos Zavala
|
|
Batting: RHB Ed Broomhead
|
0-0: Hit by Pitch
|
|
Batting: RHB Devin Lowery
|
0-0: Ball 1-0: Foul Ball, location: 2F 1-1: SINGLE (Groundball, 6MD, EV 100.0 MPH) (infield hit) Ed Broomhead to second
|
|
Batting: LHB Pong-keun Koh
|
0-0: SINGLE (Groundball, 6MD, EV 98.1 MPH) Ed Broomhead to third Devin Lowery to second
|
|
Batting: RHB Cesar Martinez
|
0-0: Called Strike 0-1: SINGLE (Line Drive, 56D, EV 98.1 MPH) Ed Broomhead scores Devin Lowery to third Pong-keun Koh to second Runner from 3rd tries for Home, throw by LF and OUT! 7-2
|
|
Batting: LHB Gil Caraveo
|
0-0: SINGLE (Line Drive, 34, EV 93.8 MPH) Pong-keun Koh to third Cesar Martinez to second
|
|
Batting: LHB Nate Conley
|
0-0: GRAND SLAM HOME RUN (Flyball, 9D, EV 101.2 MPH), Distance : 373 ft
|
|
Batting: RHB Justin Layton
|
0-0: TRIPLE (Groundball, 3L, EV 96.2 MPH)
|
|
Batting: RHB John Tyra
|
0-0: Ball 1-0: Ball 2-0: Ball 3-0: Base on Balls
|
|
Batting: RHB Willie Sanchez
|
0-0: DOUBLE (Line Drive, 8RXD, EV 103.8 MPH) Justin Layton scores John Tyra to third
|
|
Batting: RHB Ed Broomhead
|
0-0: Ball 1-0: Ball 2-0: Ball 3-0: Ground out U3 (Groundball, 34, EV 101.2 MPH) John Tyra scores Willie Sanchez to third
|
|
Batting: RHB Devin Lowery
|
0-0: Ball 1-0: Ground out 3-1 (Groundball, 34, EV 102.5 MPH)
|
| Bottom of the 4th over - 7 runs, 7 hits, 0 errors, 1 left on base; Eugene 2 - Salem-Keizer 18 |
| TOP OF THE 5TH |
|
Eugene Emeralds batting - Pitching for Salem-Keizer Volcanoes : LHP Jack Klein
|
|
Batting: RHB Jonathan Ridgely
|
0-0: Called Strike 0-1: Foul Ball, location: 2F 0-2: Strikes out swinging
|
|
Batting: RHB Du Kim
|
0-0: Ball 1-0: Ball 2-0: Swinging Strike 2-1: Foul Ball, location: 2F 2-2: Strikes out looking
|
|
Batting: RHB Eric Wiss
|
0-0: Called Strike 0-1: Foul Ball, location: 2F 0-2: Ball 1-2: Ball 2-2: Foul Ball, location: 2F 2-2: Ball 3-2: Strikes out swinging
|
| Top of the 5th over - 0 runs, 0 hits, 0 errors, 0 left on base; Eugene 2 - Salem-Keizer 18 |
| BOTTOM OF THE 5TH |
|
Salem-Keizer Volcanoes batting - Pitching for Eugene Emeralds : RHP Carlos Zavala
|
|
Batting: LHB Pong-keun Koh
|
0-0: Ball 1-0: Ball 2-0: Foul Ball, location: 2F 2-1: Swinging Strike 2-2: Strikes out swinging
|
|
Batting: RHB Cesar Martinez
|
0-0: Ground out 3-1 (Groundball, 34S, EV 86.2 MPH)
|
|
Batting: LHB Gil Caraveo
|
0-0: Ground out 6-3 (Groundball, 6, EV 78.8 MPH)
|
| Bottom of the 5th over - 0 runs, 0 hits, 0 errors, 0 left on base; Eugene 2 - Salem-Keizer 18 |
| TOP OF THE 6TH |
|
Eugene Emeralds batting - Pitching for Salem-Keizer Volcanoes : LHP Jack Klein
|
|
Pitching: RHP Ricky Fo
|
|
|
Batting: RHB Taylor Garofalo
|
0-0: Ball 1-0: Called Strike 1-1: Ball 2-1: Ground out 5-3 (Groundball, 56, EV 88.1 MPH)
|
|
Batting: RHB Ryan Bush
|
0-0: Ball 1-0: Foul Ball, location: 2F 1-1: Called Strike 1-2: Ball 2-2: Strikes out swinging
|
|
Batting: RHB Bill Holmes
|
0-0: Ball 1-0: Called Strike 1-1: Foul Ball, location: 2F 1-2: Ball 2-2: Strikes out swinging
|
| Top of the 6th over - 0 runs, 0 hits, 0 errors, 0 left on base; Eugene 2 - Salem-Keizer 18 |
| BOTTOM OF THE 6TH |
|
Salem-Keizer Volcanoes batting - Pitching for Eugene Emeralds : RHP Carlos Zavala
|
|
Batting: LHB Nate Conley
|
0-0: Ball 1-0: Ball 2-0: Foul Ball, location: 2F 2-1: Swinging Strike 2-2: Strikes out swinging
|
|
Batting: RHB Justin Layton
|
0-0: Ground out 6-3 (Groundball, 6, EV 83.8 MPH)
|
|
Batting: RHB John Tyra
|
0-0: Foul Ball, location: 2F 0-1: Ball 1-1: Ball 2-1: Swinging Strike 2-2: Foul Ball, location: 2F 2-2: Foul Ball, location: 2F 2-2: Ball 3-2: Base on Balls
|
|
Batting: RHB Willie Sanchez
|
0-0: SINGLE (Groundball, 4MD, EV 99.4 MPH) John Tyra to second
|
|
Batting: RHB Ed Broomhead
|
0-0: SINGLE (Groundball, 56D, EV 101.2 MPH) John Tyra to third Willie Sanchez to second Throwing error, E7 John Tyra scores Willie Sanchez to third Ed Broomhead to second
|
|
Batting: RHB Devin Lowery
|
0-0: Called Strike 0-1: Foul Ball, location: 2F 0-2: SINGLE (Groundball, 56D, EV 98.8 MPH) Willie Sanchez scores Ed Broomhead to third Runner from 3rd tries for Home, SAFE, throw by LF to home
|
|
Batting: LHB Pong-keun Koh
|
0-0: DOUBLE (Flyball, 89D, EV 91.9 MPH) Devin Lowery to third
|
|
Batting: RHB Cesar Martinez
|
0-0: Ball 1-0: Called Strike 1-1: Ball 2-1: Swinging Strike 2-2: Ball 3-2: Strikes out swinging
|
| Bottom of the 6th over - 3 runs, 4 hits, 1 error, 2 left on base; Eugene 2 - Salem-Keizer 21 |
| TOP OF THE 7TH |
|
Eugene Emeralds batting - Pitching for Salem-Keizer Volcanoes : RHP Ricky Fo
|
|
Batting: RHB Tim Long
|
0-0: Called Strike 0-1: Swinging Strike 0-2: Ball 1-2: Foul Ball, location: 2F 1-2: Hit by Pitch
|
|
Batting: RHB Jerry Blas
|
0-0: Called Strike 0-1: Foul Ball, location: 2F 0-2: Foul Ball, location: 2F 0-2: Ball 1-2: Strikes out looking
|
|
Batting: RHB Josh Asch
|
0-0: Ball 1-0: Ball 2-0: Ball 3-0: Called Strike 3-1: SINGLE (Line Drive, 8RS, EV 91.9 MPH) Tim Long to second
|
|
Batting: RHB Jonathan Ridgely
|
0-0: Called Strike 0-1: Ball 1-1: Called Strike 1-2: Foul Ball, location: 2F 1-2: Strikes out swinging
|
|
Batting: RHB Du Kim
|
0-0: Called Strike 0-1: Ball 1-1: Foul Ball, location: 2F 1-2: Strikes out looking
|
| Top of the 7th over - 0 runs, 1 hit, 0 errors, 2 left on base; Eugene 2 - Salem-Keizer 21 |
| BOTTOM OF THE 7TH |
|
Salem-Keizer Volcanoes batting - Pitching for Eugene Emeralds : RHP Carlos Zavala
|
|
Batting: LHB Gil Caraveo
|
0-0: Foul Ball, location: 2F 0-1: SINGLE (Groundball, 25, EV 70.0 MPH) (infield hit)
|
|
Batting: LHB Nate Conley
|
0-0: Hit by Pitch Gil Caraveo to second
|
|
Batting: RHB Justin Layton
|
0-0: Foul Ball, location: 2F 0-1: DOUBLE (Flyball, 8RD, EV 96.9 MPH) Gil Caraveo scores Nate Conley to third
|
|
Batting: RHB John Tyra
|
0-0: Reached on error, E6 (Groundball, 6, EV 86.9 MPH) Nate Conley scores Justin Layton to third
|
|
Batting: RHB Willie Sanchez
|
0-0: Ball 1-0: Swinging Strike 1-1: Called Strike 1-2: Strikes out looking
|
|
Batting: RHB Ed Broomhead
|
0-0: Reached on error, E4 (Groundball, 4, EV 83.8 MPH) Justin Layton scores John Tyra to second
|
|
Batting: RHB Devin Lowery
|
0-0: TRIPLE (Flyball, 78XD, EV 105.6 MPH) John Tyra scores Ed Broomhead scores
|
|
Batting: LHB Pong-keun Koh
|
0-0: SINGLE (Groundball, 34D, EV 94.4 MPH) Devin Lowery scores
|
|
Batting: RHB Cesar Martinez
|
0-0: Ball 1-0: Hit by Pitch Pong-keun Koh to second
|
|
Batting: LHB Gil Caraveo
|
0-0: SINGLE (Groundball, 15S, EV 66.9 MPH) (infield hit) Pong-keun Koh to third Cesar Martinez to second
|
|
Batting: LHB Nate Conley
|
0-0: Swinging Strike 0-1: Called Strike 0-2: Strikes out swinging
|
|
Batting: RHB Justin Layton
|
0-0: Called Strike 0-1: Ball 1-1: Ball 2-1: Ball Passed Ball! Pong-keun Koh scores Cesar Martinez to third Gil Caraveo to second 3-1: Base on Balls
|
|
Batting: RHB John Tyra
|
0-0: SINGLE (Groundball, 6D, EV 103.8 MPH) Cesar Martinez scores Gil Caraveo to third Justin Layton to second Runner from 3rd tries for Home, throw by CF and OUT! 8-2
|
| Bottom of the 7th over - 8 runs, 6 hits, 2 errors, 2 left on base; Eugene 2 - Salem-Keizer 29 |
| TOP OF THE 8TH |
|
Eugene Emeralds batting - Pitching for Salem-Keizer Volcanoes : RHP Ricky Fo
|
|
Batting: RHB Eric Wiss
|
0-0: Fly out, F7 (Line Drive, 7S, EV 87.5 MPH)
|
|
Batting: RHB Taylor Garofalo
|
0-0: Ground out 3-1 (Groundball, 34, EV 103.1 MPH)
|
|
Batting: RHB Ryan Bush
|
0-0: Swinging Strike 0-1: Foul Ball, location: 2F 0-2: Ball 1-2: Foul Ball, location: 2F 1-2: Strikes out looking
|
| Top of the 8th over - 0 runs, 0 hits, 0 errors, 0 left on base; Eugene 2 - Salem-Keizer 29 |
| BOTTOM OF THE 8TH |
|
Salem-Keizer Volcanoes batting - Pitching for Eugene Emeralds : RHP Carlos Zavala
|
|
Batting: RHB Willie Sanchez
|
0-0: Foul Ball, location: 2F 0-1: Ground out U3 (Groundball, 34S, EV 85.6 MPH)
|
|
Batting: RHB Ed Broomhead
|
0-0: Ground out 4-3 (Groundball, 34, EV 89.4 MPH)
|
|
Batting: RHB Devin Lowery
|
0-0: Fly out, F9 (Flyball, 9, EV 87.5 MPH)
|
| Bottom of the 8th over - 0 runs, 0 hits, 0 errors, 0 left on base; Eugene 2 - Salem-Keizer 29 |
| TOP OF THE 9TH |
|
Eugene Emeralds batting - Pitching for Salem-Keizer Volcanoes : RHP Ricky Fo
|
|
Pitching: RHP Chance Robinson
|
|
|
Batting: RHB Bill Holmes
|
0-0: Called Strike 0-1: Foul Ball, location: 2F 0-2: Strikes out swinging
|
|
Batting: RHB Tim Long
|
0-0: Called Strike 0-1: Swinging Strike 0-2: Ball 1-2: Strikes out swinging
|
|
Batting: RHB Jerry Blas
|
0-0: Called Strike 0-1: Called Strike 0-2: Ball 1-2: Ground out 4-3 (Groundball, 4MD, EV 95.6 MPH)
|
| Top of the 9th over - 0 runs, 0 hits, 0 errors, 0 left on base; Eugene 2 - Salem-Keizer 29 |
|